 Dungeon Crawl Stone Soup version 0.30-a0-347-gf58ed5266c (webtiles) character file.

Game seed: 13547748325097393673

64 bande the Shield-Bearer (level 4, -1/28 HPs)
             Began as a Gargoyle Fighter on Nov 7, 2022.
             Slain by a hobgoblin (4 damage)
             ... led by Robin
             ... on level 2 of the Dungeon.
             The game lasted 00:01:30 (1738 turns).

bande the Shield-Bearer (Gargoyle Fighter)          Turns: 1738, Time: 00:01:31

Health: -1/28      AC: 10    Str: 20    XL:     4   Next: 12%
Magic:  4/4        EV:  9    Int:  8    God:
Gold:   64         SH:  4    Dex: 11    Spells: 3/3 levels left

rFire   . . .      SeeInvis .    a - +0 war axe
rCold   . . .      Faith    .    c - +0 buckler
rNeg    + . .      Spirit   .    b - +0 scale mail
rPois   ∞          Reflect  .    (no helmet)
rElec   +          Harm     .    (no cloak)
rCorr   .          Rampage  .    (no gloves)
Will    .....                    (no boots)
Stlth   ..........               (no amulet)
HPRegen 0.24/turn                (no ring)
MPRegen 0.09/turn                (no ring)

@: no status effects
A: sickness immunity, AC +3, negative energy resistance 1, electricity
resistance, torment resistance 1, petrification resistance
a: no special abilities


You were on level 2 of the Dungeon.
You visited 1 branch of the dungeon, and saw 2 of its levels.

You collected 64 gold pieces.

Inventory:

Hand Weapons
 a - a +0 war axe (weapon)
Armour
 b - a +0 scale mail (worn)
 c - a +0 buckler (worn)
Scrolls
 e - 3 scrolls of identify {unknown}
 f - a scroll of enchant weapon {unknown}
 g - a scroll of vulnerability {unknown}
 h - a scroll of fear {unknown}
 i - a scroll of teleportation {unknown}
 j - a scroll of blinking {unknown}
 k - a scroll of immolation {unknown}
 l - a scroll of noise {unknown}
Potions
 d - a potion of might
 m - 2 potions of heal wounds {unknown}


   Skills:
 + Level 3.6 Fighting
 + Level 2.7 Axes
 + Level 3.8 Armour
 + Level 3.9 Shields


You had 3 spell levels left.
You didn't know any spells.
Your spell library contained the following spells:

 Spells                   Type           Power      Damage    Failure   Level
 Magic Dart               Conj           0%         1d3       85%         1
 Searing Ray              Conj           0%         2d4       94%         2
 Wereblood                Tmut           0%         N/A       94%         2
 Fulminant Prism          Conj/Hex       0%         3d5       100%        4
 Summon Hydra             Summ           0%         N/A       100%        7
 Sublimation of Blood     Necr           Unusable   N/A       N/A         2

Dungeon Overview and Level Annotations

Branches:
Dungeon (2/15)

Altars:


Innate Abilities, Weirdness & Mutations

You are immune to sickness and miasma.
Your stone body is resilient. (AC +3)
You are immune to poison.
You resist negative energy. (rN+)
You are resistant to electric shocks. (rElec)
You are resistant to unholy torment.
You are immune to petrification.


Message History

The hobgoblin goes into a battle-frenzy!
The goblin hits you with a +0 dagger.
* * * LOW HITPOINT WARNING * * *
You closely miss the hobgoblin.
The hobgoblin is almost dead.
You slash the goblin!
You kill the goblin!
The hobgoblin hits you but does no damage.
The hobgoblin hits you.
* * * LOW HITPOINT WARNING * * *
You slash the hobgoblin!
You kill the hobgoblin!
Unknown command.
You hit Robin.
Robin is moderately wounded.
Robin misses you.
You slash Robin!
Robin is severely wounded.
Robin hits you with a +0 short sword.
* * * LOW HITPOINT WARNING * * *
Robin's horned helmet rattles.
Robin hits you but does no damage.
You slash Robin!
You kill Robin!
You have reached level 4!
You feel stronger.
You hit the hobgoblin.
The hobgoblin is moderately wounded.
The hobgoblin completely misses you.
You slash the hobgoblin!
You kill the hobgoblin!
The hobgoblin hits you.
* * * LOW HITPOINT WARNING * * *
You barely miss the hobgoblin. The hobgoblin barely misses you.
You barely miss the hobgoblin.
The hobgoblin hits you but does no damage.
You barely miss the hobgoblin.
The hobgoblin no longer looks unusually strong. x2
The hobgoblin hits you.
You die...

#.......# #.........## #########
####........ #########
#################################
.................................
#################################
....gbg@)..# #..#g#####.# #.# #.#
#.# #.# #.# #.# #.#


You could see 2 hobgoblins, a goblin (strong) and a bat.

Vanquished Creatures
  Robin (D:2)
  An adder (D:2)
  A dart slug (D:1)
  A ball python (D:2)
  2 endoplasms (D:1)
  A giant cockroach (D:1)
  9 goblins
  3 hobgoblins (D:2)
  5 jackals (D:1)
  2 quokkas (D:1)
  A bat (D:2)
  3 frilled lizards
  5 kobolds
  3 rats
38 creatures vanquished.

Notes
Turn   | Place    | Note
-------+----------+-------------------------------------------
     0 | D:1      | bande the Gargoyle Fighter began the quest for the Orb.
     0 | D:1      | Reached XP level 1. HP: 14/14 MP: 1/1
   218 | D:1      | Reached XP level 2. HP: 15/19 MP: 2/2
   768 | D:1      | You fall into a shaft and drop 1 floor!
   824 | D:2      | Reached XP level 3. HP: 23/23 MP: 3/3
  1710 | D:2      | Noticed Robin
  1733 | D:2      | Killed Robin
  1734 | D:2      | Reached XP level 4. HP: 3/28 MP: 4/4
  1738 | D:2      | Slain by a hobgoblin

Illustrated notes

Levels and vault maps discovered:
D:1:      dpeg_arrival_prison, layout_basic, minivault_4,
          kennysheep_pointless_box
D:2:      layout_basic, uniq_robin

Skill      XL: |  1  2 |
---------------+-------+-----
Axes           | 2 |  2.7
Fighting       | |  3.6
Armour         | |  3.8
Shields        | |  3.9

Action                   |  1- 3 |  4- 6 || total
-------------------------+-------+-------++-------
Melee: War axe           |   103 |     5 ||   108
Armor: Scale mail        |    55 |     1 ||    56
Dodge: Dodged            |    39 |     2 ||    41
Block: Buckler           |    38 |       ||    38

Table legend: (Time is in decaauts)
 A = Elapsed time spent in this place.
 B = Non-inter-level travel time spent in this place.
 C = Inter-level travel time spent in this place.
 D = Time resting spent in this place.
 E = Time spent auto-exploring this place.
 F = Levels seen in this place.
 G = Mean time per level.
                   A        B        C        D        E       F      G
               +--------+--------+--------+--------+--------+-----+--------+
         Total |   1784 |   1784 |      0 |      0 |   1489 |   2 |  892.0 |
       Dungeon |   1784 |   1784 |      0 |      0 |   1489 |   2 |  892.0 |
               +--------+--------+--------+--------+--------+-----+--------+

Top non-repeatable levels by time:
     D:1: 893 daAuts
     D:2: 890 daAuts
